 Dungeon Crawl Stone Soup version 0.30-a0-930-gb9d0489357 (webtiles) character file.

Game seed: 3697354765237676012

1505 Darkkill the Shooter (level 8, 0/71 HPs)
             Began as a Minotaur Hunter on Mar 23, 2023.
             Succumbed to an orc wizard's poison
             ... on level 7 of the Dungeon.
             The game lasted 00:06:41 (4053 turns).

Darkkill the Shooter (Minotaur Hunter)              Turns: 4053, Time: 00:06:41

Health: 0/71       AC:  4    Str: 15    XL:     8   Next: 52%
Magic:  3/7        EV: 15    Int: 12    God:
Gold:   301        SH:  0    Dex: 17    Spells: 7/7 levels left

rFire   . . .      SeeInvis .    a - +2 shortbow
rCold   . . .      Faith    .    (shield currently unavailable)
rNeg    . . .      Spirit   +    c - +1 leather armour
rPois   .          Reflect  .    (helmet restricted)
rElec   .          Rampage  .    (no cloak)
rCorr   .                        (no gloves)
Will    .....                    (no boots)
Stlth   +++                      g - amulet of guardian spirit
HPRegen 0.31/turn                p - +6 ring of intelligence
MPRegen 0.10/turn                (no ring)

@: lethally poisoned (0 -> -2)
A: horns 2, retaliatory headbutt
a: no special abilities


You were on level 7 of the Dungeon.
You visited 1 branch of the dungeon, and saw 6 of its levels.

You collected 301 gold pieces.

Inventory:

Hand Weapons
 a - a +2 shortbow (weapon)
Missiles
 d - 62 stones
 e - 6 javelins
 k - 8 poisoned darts
 v - 2 boomerangs
Armour
 c - a +1 leather armour (worn)
Jewellery
 g - an amulet of guardian spirit (around neck)
 p - a +6 ring of intelligence (left hand)
Wands
 m - a wand of charming (7)
 s - a wand of flame (9)
 u - a wand of digging (2)
Scrolls
 b - 2 scrolls of immolation
 o - a scroll of magic mapping
 y - 2 scrolls of teleportation
 z - a scroll of fear
 A - 3 scrolls of identify {@r1}
Potions
 h - a potion of berserk rage {unknown}
 i - 3 potions of invisibility {unknown}
 j - 2 potions of attraction {unknown}
 l - 3 potions of curing {unknown}
 n - 2 potions of mutation {unknown}
 q - a potion of haste {unknown}
 r - a potion of lignification {unknown}
 t - 4 potions of brilliance
 w - a potion of flight {unknown}
 x - a potion of cancellation {unknown}


   Skills:
 + Level 6.8 Fighting
 + Level 7.3 Ranged Weapons
 + Level 6.1 Dodging
 + Level 4.8 Stealth


You had 7 spell levels left.
You didn't know any spells.
Your spell library contained the following spells:

 Spells                   Type           Power      Damage    Failure   Level
 Shock                    Conj/Air       0%         1d3       38%         1
 Ensorcelled Hibernation  Hex/Ice        0%         N/A       52%         2
 Passwall                 Tmut/Erth      0%         N/A       52%         2
 Sublimation of Blood     Necr           0%         N/A       52%         2
 Wereblood                Tmut           0%         N/A       52%         2
 Portal Projectile        Hex/Tloc       0%         N/A       77%         3
 Swiftness                Air            0%         N/A       77%         3
 Tukima's Dance           Hex            0%         N/A       77%         3
 Airstrike                Air            0%         2d(0-16)  99%         4
 Blade Hands              Tmut           0%         N/A       100%        5
 Summon Hydra             Summ           0%         N/A       100%        7


Dungeon Overview and Level Annotations

Branches:
Dungeon (5/15)
 Temple: D:4-7

Altars:
Ashenzari
Nemelex Xobeh
Wu Jian

Shops:
D:4 [

Annotations:
D:3 1 runed translucent door, Crazy Yiuf


Innate Abilities, Weirdness & Mutations

You have a pair of horns on your head.
You reflexively headbutt those who attack you in melee.


Message History

You shoot an arrow.
You feel very sick. Something hits you.
You are more poisoned.
The jelly misses you.
Fire: a) +2 shortbow
Press: ? - help, Q - select action, (/) - cycle Shift-Dir - straight line, f - jelly
Aim: a jelly (91% to hit)
You shoot an arrow. The arrow hits the jelly!
The jelly is severely wounded.
You feel extremely sick. Something hits you. The jelly closely misses you.
Fire: a) +2 shortbow
Press: ? - help, Q - select action, (/) - cycle Shift-Dir - straight line, f/p - jelly
Aim: a jelly (severely wounded, 91% to hit)
You shoot an arrow. The arrow hits the jelly!
You kill the jelly!
You feel very sick. Something hits you.
You are more poisoned.
Fire: a) +2 shortbow
Press: ? - help, Q - select action, (/) - cycle Shift-Dir - straight line, f - you
Okay, then.
You shoot an arrow.
You feel very sick. Something hits you. x2
* * * LOW HITPOINT WARNING * * *
You are more poisoned.
You shoot an arrow.
* * * LOW HITPOINT WARNING * * *
You feel very sick. Something hits you.
* * * LOW HITPOINT WARNING * * *
You are lethally poisoned!
You feel much better.
You feel very sick.
You hear some strange, mumbled words.
A puff of flame appears from out of thin air!
The puff of flame hits you.
You feel much better.
You feel very sick. Something barely misses you.
You shoot an arrow.
You feel very sick. Something hits you but does no damage.
You are more poisoned.
You shoot an arrow.
You feel very sick.
You hear some strange, mumbled words.
A magic dart appears from out of thin air!
The magic dart hits you!
You shoot an arrow.
You feel very sick.
You hear some strange, mumbled words.
Something tries to affect you, but you resist.
You shoot an arrow.
You feel very sick.
You hear some strange, mumbled words.
Something tries to affect you, but you resist.
You shoot an arrow.
You feel sick. Something hits you.
You are more poisoned.
Something hits you.
You shoot an arrow.
You feel very sick.
You hear some strange, mumbled words.
A magic dart appears from out of thin air!
The magic dart hits you.
* * * LOW HITPOINT WARNING * * *
You shoot an arrow.
You feel very sick. Something hits you.
You are more poisoned.
You shoot an arrow.
* * * LOW HITPOINT WARNING * * *
You feel very sick. Something hits you but does no damage.
You shoot an arrow.
* * * LOW HITPOINT WARNING * * *
You feel very sick. Something hits you.
* * * LOW HITPOINT WARNING * * *
You shoot an arrow.
* * * LOW HITPOINT WARNING * * *
You feel sick. Something hits you but does no damage.
You shoot an arrow.
* * * LOW HITPOINT WARNING * * *
You feel sick. Something hits you.
* * * LOW HITPOINT WARNING * * *
You shoot an arrow.
Reactivating autopickup.
You feel a bit more experienced.
* * * LOW HITPOINT WARNING * * *
You feel sick.
* * * LOW HITPOINT WARNING * * *
You feel sick.
Things that are here:
a +0 dagger of venom; a +0 robe
* * * LOW HITPOINT WARNING * * *
You feel sick.
You die...

##)## ## ##)#
#.#####.#..#.. # #.##
#.#..##.#..#.# .# #..##
#.##.# .....##.###
#.#.##..#.#.###..........
#.#.#####.##.##..>.......
.###.##..###.##.....)....
.# ##..####†##...........
.# #####..##.@.))# #
...###.###......#
.................###
...................>.
.....#######.....####
..... #.....# ....
#.....# ### #.....#
#.....#


There were no monsters in sight!

Vanquished Creatures
  A hornet (D:7)
  A water moccasin (D:5)
  2 ogres (D:7)
  A phantom (D:4)
  A bullfrog (D:7)
  4 scorpions
  A wight (D:7)
  A howler monkey (D:7)
  A hound (D:5)
  2 orc priests
  3 jellies
  4 sleepcaps
  An iguana (D:4)
  5 orc wizards
  7 adders
  An ufetubus (D:7)
  2 dart slugs
  9 orcs
  2 ball pythons
  10 endoplasms
  3 giant cockroaches
  5 hobgoblins
  4 jackals (D:4)
  3 quokkas
  9 bats
  2 frilled lizards
  4 goblins
  8 kobolds
  4 rats
101 creatures vanquished.

Vanquished Creatures (others)
  A gnoll (D:7)
1 creature vanquished.

Grand Total: 102 creatures vanquished

Notes
Turn   | Place    | Note
-------+----------+-------------------------------------------
     0 | D:1      | Darkkill the Minotaur Hunter began the quest for the Orb.
     0 | D:1      | Reached XP level 1. HP: 18/18 MP: 0/0
    94 | D:1      | Reached skill level 1 in Stealth
   189 | D:1      | Reached XP level 2. HP: 25/25 MP: 1/1
  1198 | D:2      | Reached XP level 3. HP: 31/31 MP: 2/2
  2049 | D:3      | Found a runed translucent door.
  2050 | D:3      | Noticed Crazy Yiuf
  2396 | D:4      | Found Kuniopua's Armour Shoppe.
  2398 | D:4      | Reached XP level 4. HP: 38/38 MP: 3/3
  2463 | D:4      | Reached skill level 5 in Ranged Weapons
  2617 | D:4      | Noticed a phantom
  2626 | D:4      | Killed a phantom
  2627 | D:4      | Reached XP level 5. HP: 24/46 MP: 2/4
  2815 | D:4      | Reached XP level 6. HP: 51/53 MP: 5/5
  3413 | D:5      | Entered Level 5 of the Dungeon
  3444 | D:5      | Reached skill level 5 in Fighting
  3448 | D:5      | Reached skill level 6 in Ranged Weapons
  3448 | D:5      | Reached XP level 7. HP: 56/61 MP: 4/6
  3506 | D:5      | HP: 11/61 [water moccasin (6)]
  3617 | D:5      | Found a sparkling altar of Nemelex Xobeh.
  3618 | D:5      | Found a broken altar of Ashenzari.
  3642 | D:5      | Found an ornate altar of the Wu Jian Council.
  3665 | D:5      | You fall into a shaft and drop 2 floors!
  3719 | D:7      | Noticed a hornet
  3724 | D:7      | Reached skill level 5 in Dodging
  3777 | D:7      | Killed a hornet
  3778 | D:7      | Reached XP level 8. HP: 51/70 MP: 7/7
  3912 | D:7      | Reached skill level 7 in Ranged Weapons
  4045 | D:7      | HP: 14/71 [poisoned by an orc wizard]
  4048 | D:7      | HP: 6/71 [poisoned by an orc wizard]
  4050 | D:7      | HP: 2/71 [poisoned by an orc wizard]
  4053 | D:7      | Succumbed to an orc wizard's poison

Illustrated notes

Levels and vault maps discovered:
D:1:      minmay_arrival_three_doors, layout_loops_ring, serial_glass,
          glass_columns_a, glass_columns_a, minmay_stone_trees_medium
D:2:      layout_loops_corners
D:3:      layout_loops_ring, minmay_statues_item, uniq_crazy_yiuf_cottage
D:4:      layout_loops_cross, serial_shops, nicolae_diamond_shop
D:5:      layout_cave_pools, chequers_temple_overflow_statue_of_worship,
          minmay_temple_entry_statues, minmay_misc_feat_x
D:7:      minmay_the_grid_octo_2x2 [minmay_the_grid_octo_clover,
          minmay_the_grid_octo_toaster, minmay_the_grid_octo_fan_narrow,
          minmay_the_grid_octo_prize_single_spiral], layout_rooms

Skill      XL: |  1  2  3  4  5  6  7  8 |
---------------+-------------------------+-----
Stealth        | 1 2 3 4 |  4.8
Fighting       | 3 4 5 6 |  6.8
Dodging        | 3 4 5 6 |  6.1
Ranged Weapons | 5 6 7 |  7.3

Action                     |  1- 3 |  4- 6 |  7- 9 || total
---------------------------+-------+-------+-------++-------
   Fire: Shortbow          |   108 |   107 |   117 ||   332
  Evoke: Wand              |       |       |     2 ||     2
    Use: Scroll            |     8 |     3 |     2 ||    13
         Potion            |       |       |     3 ||     3
 Armour: Leather armour    |    10 |    15 |    21 ||    46
  Dodge: Dodged            |    22 |    38 |    39 ||    99

Table legend: (Time is in decaauts)
 A = Elapsed time spent in this place.
 B = Non-inter-level travel time spent in this place.
 C = Inter-level travel time spent in this place.
 D = Time resting spent in this place.
 E = Time spent auto-exploring this place.
 F = Levels seen in this place.
 G = Mean time per level.
                   A        B        C        D        E       F      G
               +--------+--------+--------+--------+--------+-----+--------+
         Total |   4137 |   3960 |    177 |     52 |   3267 |   6 |  689.5 |
       Dungeon |   4137 |   3960 |    177 |     52 |   3267 |   6 |  689.5 |
               +--------+--------+--------+--------+--------+-----+--------+

Top non-repeatable levels by time:
     D:4: 1040 daAuts
     D:2: 933 daAuts
     D:1: 843 daAuts
     D:3: 650 daAuts
     D:7: 404 daAuts
     D:5: 264 daAuts

Table legend:
 A = Kills in this place as a percentage of kills in the entire game.
 B = Kills by you in this place as a percentage of kills by you in the entire game.
 C = Kills by friends in this place as a percentage of kills by friends in the entire game.
 D = Other kills in this place as a percentage of other kills in the entire game.
 E = Experience gained in this place as a percentage of experience gained in the entire game.
 F = Experience gained in this place divided by the number of levels of this place that you have seen.
                   A       B       C       D       E      F
               +-------+-------+-------+-------+-------+----------------------
         Total | 100.0 | 100.0 |   N/A |   N/A | 100.0 | 358.3
       Dungeon | 100.0 | 100.0 |   N/A |   N/A | 100.0 | 358.3
               +-------+-------+-------+-------+-------+----------------------
